 Dungeon Crawl Stone Soup version 0.30-a0-782-ge64f9170bb (webtiles) character file.

Game seed: 1381989641814890950

2104 mopl the Tainter (level 9, -26/66 HPs)
             Began as a Formicid Venom Mage on Mar 13, 2023.
             Was an Initiate of Cheibriados.
             Hit by a large rock thrown by a cyclops (43 damage)
             ... on level 7 of the Dungeon.
             The game lasted 00:08:58 (7019 turns).

mopl the Tainter (Formicid Venom Mage)              Turns: 7019, Time: 00:08:59

Health: -26/66     AC:  2    Str: 13    XL:     9   Next: 53%
Magic:  2/13       EV: 13    Int: 21    God:    Cheibriados [......]
Gold:   348        SH:  5    Dex: 15    Spells: 9/14 levels left

rFire   + . .      SeeInvis +    w - +2 spear (flame)
rCold   + . .      Faith    .    E - +0 buckler
rNeg    + . .      Spirit   .    a - +0 robe
rPois   .          Reflect  .    (helmet unavailable)
rElec   .          Harm     .    t - scarf {rC+ rF+}
rCorr   .          Rampage  .    (no gloves)
Will    .....                    (no boots)
Stlth   ++                       (no amulet)
HPRegen 0.31/turn                k - ring of positive energy
MPRegen 0.13/turn                (no ring)

@: radiating poison, very slow
A: permanent stasis, dig shafts and tunnels, antennae 3, four strong arms
a: Dig, Shaft Self, Renounce Religion


You were on level 7 of the Dungeon.
You worshipped Cheibriados.
Cheibriados was noncommittal.
You visited 2 branches of the dungeon, and saw 8 of its levels.

You collected 348 gold pieces.

Inventory:

Hand Weapons
 c - a +0 spear
 d - a +1 dagger of draining
 n - a +2 dagger of holy wrath
 w - a +2 spear of flaming (weapon)
 z - a +1 rapier of venom
Missiles
 v - 7 poisoned darts
 y - 10 boomerangs
 D - 4 silver boomerangs
 I - 4 silver javelins
 J - a curare-tipped dart
Armour
 a - a +0 robe (worn)
 t - a scarf of resistance (worn)
 A - a +1 cloak of poison resistance
 E - a +0 buckler (worn)
Jewellery
 k - a ring of positive energy (left hand)
Wands
 K - a wand of roots (6)
Scrolls
 e - a scroll of poison {unknown}
 f - 2 scrolls of enchant weapon {unknown}
 g - 5 scrolls of teleportation
 i - a scroll of silence {unknown}
 j - 2 scrolls of fear {unknown}
 q - a scroll of summoning {unknown}
 s - a scroll of acquirement {unknown}
 x - 4 scrolls of enchant armour {unknown}
 B - 2 scrolls of blinking {unknown}
 C - a scroll of magic mapping {unknown}
 F - 2 scrolls of noise {unknown}
 G - 3 scrolls of vulnerability {unknown}
 H - a scroll of fog {unknown}
Potions
 b - a potion of magic
 h - 3 potions of curing
 l - a potion of cancellation
 m - 2 potions of heal wounds
 o - 4 potions of lignification {!q}
 p - 2 potions of haste
 r - a potion of might
 u - 2 potions of invisibility


   Skills:
 + Level 4.5 Fighting
 + Level 4.2 Throwing
 + Level 4.4 Armour
 + Level 4.2 Dodging
 - Level 2.4 Stealth
 + Level 5.4 Shields
 - Level 3.0 Spellcasting
 - Level 1.1 Transmutations
 + Level 9.5 Poison Magic


You had 9 spell levels left.
You knew the following spells:

 Your Spells              Type           Power      Damage    Failure   Level
a - Sting                 Tmut/Pois      100%       1d8       1%          1
o - Olgreb's Toxic Radia  Pois           43%        N/A       3%          4

Your spell library contained the following spells:

 Spells                   Type           Power      Damage    Failure   Level
 Poisonous Vapours        Pois/Air       46%        N/A       3%          2
 Mephitic Cloud           Conj/Pois/Air  16%        N/A       13%         3
 Freeze                   Ice            12%        1d3       16%         1
 Frozen Ramparts          Ice            6%         1d1       43%         3
 Hailstorm                Conj/Ice       3%         3d3       43%         3
 Vhi's Electric Charge    Tloc/Air       6%         N/A       43%         3
 Yara's Violent Unravell  Hex/Tmut       2%         3d3       98%         5
 Arcjolt                  Conj/Air       1%         1d11      99%         5
 Enfeeble                 Hex            1%         N/A       100%        7
 Maxwell's Capacitive Co  Air            1%         ∞         100%        8


Dungeon Overview and Level Annotations

Branches:
Dungeon (7/15)             Temple (1/1) D:4

Altars:
Ashenzari
Cheibriados
Dithmenos
Elyvilon
Fedhas
Hepliaklqana
Kikubaaqudgha
Makhleb
Nemelex Xobeh
Okawaru
Qazlal
Sif Muna
Trog
Uskayaw
Vehumet
Wu Jian
Xom
Yredelemnul
Zin
The Shining One

Annotations:
D:5 3 runed translucent doors, jellojunkie's ghost, novice MiBe


Innate Abilities, Weirdness & Mutations

You cannot be hasted, slowed, berserked, paralysed or teleported.
You can dig through walls and to a lower floor.
You have a pair of large antennae on your head. (SInv)
Your four strong arms can wield two-handed weapons with a shield.


Message History

The hound is moderately wounded.
The wyvern looks even sicker.
The hound completely misses you. The hound closely misses you.
You hit the hound but do no damage.
The hound is moderately wounded.
The hound looks even sicker.
Your toxic aura wanes.
The hound bites you. The hound misses you.
You barely miss the hound.
The hound is heavily wounded.
You block the hound's attack.
The wyvern hisses menacingly.
The wyvern barely misses you. The hound barely misses you.
You begin to radiate toxic energy.
The hound looks even sicker.
The wyvern barely misses you. The hound bites you.
A cyclops comes into view.
The wyvern bites you!!
You hit the hound. You burn the hound.
You kill the hound!
Cheibriados thoroughly appreciates the change of pace.
The cyclops is poisoned.
The wyvern looks as sick as possible!
The wyvern bites you!
You are too injured to fight recklessly!
The wyvern looks as sick as possible!
Your toxic aura wanes.
The wyvern bites you!
* * * LOW HITPOINT WARNING * * *
The wyvern closely misses you. The wyvern attacks as you move away!
The wyvern closely misses you.
The cyclops looks more healthy.
The wyvern misses you.
You are too injured to fight recklessly!
Casting: Olgreb's Toxic Radiance (dangerous; 3% risk of failure)
Confirm with . or Enter, or press ? or * to list all spells.
You begin to radiate toxic energy.
The cyclops is poisoned.
The wyvern looks as sick as possible!
You kill the wyvern!
Cheibriados appreciates the change of pace.
The cyclops throws a large rock.
The large rock hits you!!!
Ouch! That really hurt!
You die...

##..# #####... #...#
........## #..####
.....#...# ##......
.....#.#.############..#####
..........##..........##
..........##..........#
....?.$...##..........#
.........†.@..........#
..........##.......)..#
....C...####..........#
###.###.. #...>...$..# ..
.#.# #..........# #. .. .#
#..........# . .#. .#
#..........# :###
..............# .#
..#####.#######


You could see a cyclops (poisoned).

Vanquished Creatures
  A wyvern (D:7)
  A water moccasin (D:7)
  A black bear (D:5)
  2 ice beasts (D:6)
  An orc warrior (D:6)
  3 ogres
  A centaur (D:5)
  A phantom (D:5)
  A kobold brigand (D:6)
  Blork the orc (D:5)
  A necrophage (D:5)
  4 scorpions
  An orc priest (D:5)
  5 hounds
  3 iguanas
  An orc wizard (D:6)
  13 adders
  6 gnolls
  2 white imps (D:6)
  2 ufetubi (D:6)
  2 worms (D:4)
  5 dart slugs
  25 orcs
  2 bats
  7 endoplasms
  3 giant cockroaches
  14 hobgoblins
  2 jackals (D:2)
  3 quokkas
  16 ball pythons
  6 frilled lizards
  11 goblins
  10 kobolds
  5 rats
162 creatures vanquished.

Notes
Turn   | Place    | Note
-------+----------+-------------------------------------------
     0 | D:1      | mopl the Formicid Venom Mage began the quest for the Orb.
     0 | D:1      | Reached XP level 1. HP: 13/13 MP: 3/3
    54 | D:1      | Reached XP level 2. HP: 15/19 MP: 0/5
   245 | D:1      | Reached XP level 3. HP: 19/24 MP: 2/7
   370 | D:1      | Reached skill level 3 in Spellcasting
   590 | D:1      | Reached skill level 5 in Poison Magic
  1001 | D:2      | Reached skill level 6 in Poison Magic
  1001 | D:2      | Reached XP level 4. HP: 13/30 MP: 0/8
  1072 | D:2      | Learned a level 4 spell: Olgreb's Toxic Radiance
  1272 | D:2      | Reached XP level 5. HP: 35/35 MP: 5/9
  1453 | D:3      | Found a faded altar of an unknown god.
  1519 | D:3      | Reached skill level 7 in Poison Magic
  2522 | D:4      | Found a staircase to the Ecumenical Temple.
  2540 | Temple   | Entered the Ecumenical Temple
  2811 | D:4      | Reached XP level 6. HP: 38/41 MP: 5/10
  3202 | D:4      | Reached skill level 2 in Dodging
  3399 | D:4      | Reached skill level 1 in Fighting
  3412 | D:4      | Reached skill level 1 in Throwing
  3412 | D:4      | Reached skill level 1 in Armour
  3616 | D:5      | Entered Level 5 of the Dungeon
  3651 | D:5      | Reached skill level 1 in Shields
  3651 | D:5      | Reached skill level 8 in Poison Magic
  3742 | D:5      | Noticed Blork the orc
  3746 | D:5      | Reached XP level 7. HP: 38/48 MP: 6/11
  3756 | D:5      | Killed Blork the orc
  3918 | D:5      | Reached skill level 2 in Fighting
  3918 | D:5      | Reached skill level 2 in Shields
  3954 | D:5      | Found a runed translucent gate.
  3954 | D:5      | Found a runed translucent gate.
  3954 | D:5      | Found a runed translucent gate.
  3955 | D:5      | Noticed jellojunkie's ghost (novice MiBe)
  3980 | D:5      | Reached skill level 2 in Armour
  3985 | D:5      | Reached skill level 2 in Throwing
  4038 | D:5      | Reached XP level 8. HP: 25/57 MP: 12/12
  4165 | D:5      | Reached skill level 3 in Dodging
  4165 | D:5      | Reached skill level 3 in Shields
  4172 | D:5      | Reached skill level 3 in Fighting
  4181 | D:5      | Reached skill level 3 in Armour
  4579 | D:5      | Found a glowing golden altar of the Shining One.
  4594 | D:5      | Reached skill level 3 in Throwing
  4915 | D:6      | Reached skill level 4 in Shields
  4917 | D:6      | Reached skill level 9 in Poison Magic
  5082 | D:6      | Reached XP level 9. HP: 65/65 MP: 5/13
  5296 | D:6      | Reached skill level 4 in Fighting
  6012 | D:6      | Reached skill level 4 in Armour
  6570 | D:7      | Reached skill level 4 in Dodging
  6580 | D:7      | Reached skill level 4 in Throwing
  6580 | D:7      | Reached skill level 5 in Shields
  6586 | D:7      | Found a hazy altar of Hepliaklqana.
  6593 | D:7      | Found a bloodstained altar of Trog.
  6599 | D:7      | Found a snail-covered altar of Cheibriados.
  6610 | D:7      | Found an ancient bone altar of Kikubaaqudgha.
  6620 | D:7      | Became a worshipper of Cheibriados the Contemplative
  6636 | D:7      | Found an ornate altar of the Wu Jian Council.
  6642 | D:7      | Found a sparkling altar of Nemelex Xobeh.
  6649 | D:7      | Found a stormy altar of Qazlal.
  6775 | D:7      | Found a white marble altar of Elyvilon.
  7013 | D:7      | Noticed a cyclops
  7019 | D:7      | Hit by a large rock thrown by a cyclops

Illustrated notes

Levels and vault maps discovered:
D:1:      lemuel_arrival_behind_the_door_small, layout_rooms
D:2:      layout_loops_ring
D:3:      layout_loops_ring, basic_ecumenical_altar, kennysheep_generic_room_3
D:4:      minmay_chambers_of_twos, layout_loops_ring,
          minmay_temple_entry_antechambers, minmay_liquid_box,
          minmay_snake_closets
D:5:      minmay_chambers_of_threes, layout_basic, nicolae_tso_carved_into_rock,
          gammafunk_ghost_necromancy, uniq_blork_the_orc
D:6:      layout_layer_cave
D:7:      layout_basic, grunt_temple_overflow_octagram, elyvilon_altar_5,
          minmay_manual_mail, uniq_joseph
Temple:   bh_familiar_temple

Skill      XL: |  1  2  3  4  5  6  7  8  9 |
---------------+----------------------------+-----
Spellcasting   | 3 |  3.0
Poison Magic   | 6 7 8 9 |  9.5
Dodging        | 2 3 4 |  4.2
Fighting       | 1 2 3 4 |  4.5
Throwing       | 1 2 3 4 |  4.2
Armour         | 1 2 3 4 |  4.4
Shields        | 1 2 4 5 |  5.4
Stealth        | |  2.4
Transmutations | |  1.1

Action                     |  1- 3 |  4- 6 |  7- 9 || total
---------------------------+-------+-------+-------++-------
  Melee: Dagger            |    29 |    43 |    65 ||   137
         Spear             |     3 |    85 |   114 ||   202
   Cast: Sting             |    33 |    15 |     6 ||    54
         Olgreb's Toxic Ra |       |    12 |    24 ||    36
    Use: Potion            |       |       |     1 ||     1
         Scroll            |       |       |     7 ||     7
   Stab: Sleeping          |     6 |    13 |     3 ||    22
         Distracted        |     1 |       |     1 ||     2
 Armour: Robe              |     9 |    15 |    25 ||    49
  Dodge: Dodged            |    27 |    54 |    92 ||   173
  Block: Buckler           |       |     1 |    29 ||    30

Table legend: (Time is in decaauts)
 A = Elapsed time spent in this place.
 B = Non-inter-level travel time spent in this place.
 C = Inter-level travel time spent in this place.
 D = Time resting spent in this place.
 E = Time spent auto-exploring this place.
 F = Levels seen in this place.
 G = Mean time per level.
                   A        B        C        D        E       F      G
               +--------+--------+--------+--------+--------+-----+--------+
         Total |   7100 |   6839 |    261 |   1429 |   4218 |   8 |  887.5 |
       Dungeon |   6912 |   6677 |    235 |   1429 |   4059 |   7 |  987.4 |
        Temple |    187 |    162 |     25 |      0 |    159 |   1 |  187.0 |
               +--------+--------+--------+--------+--------+-----+--------+

Top non-repeatable levels by time:
     D:6: 1837 daAuts
     D:5: 1097 daAuts
     D:4: 1093 daAuts
     D:3: 925 daAuts
     D:2: 809 daAuts
     D:1: 608 daAuts
     D:7: 542 daAuts
  Temple: 187 daAuts
